 Dungeon Crawl Stone Soup version 0.28-a0-224-g76b539d98b (webtiles) character file.

Game seed: 17312757844675156070

32 timneilson the Shield-Bearer (level 3, 0/23 HPs)
             Began as a Gargoyle Fighter on Aug 21, 2021.
             Slain by a gnoll (5 damage)
             ... on level 2 of the Dungeon.
             The game lasted 00:01:35 (1222 turns).

timneilson the Shield-Bearer (Gargoyle Fighter)     Turns: 1222, Time: 00:01:35

Health: 0/23       AC: 10    Str: 20    XL:     3   Next: 25%
Magic:  3/3        EV:  7    Int:  8    God:
Gold:   51         SH:  8    Dex:  9    Spells: 2/2 levels left

rFire   . . .      SeeInvis .   a - +0 long sword
rCold   . . .      Faith    .   c - +0 kite shield
rNeg    + . .      Spirit   .   b - +0 scale mail
rPois   ∞          Reflect  .   (no helmet)
rElec   +          Harm     .   (no cloak)
rCorr   .          Rampage  .   (no gloves)
Will    .....                   (no boots)
Stlth   ..........              (no amulet)
HPRegen 0.07/turn               (no ring)
MPRegen 0.08/turn               (no ring)

@: mighty
A: sickness immunity, AC +3, negative energy resistance 1, electricity
resistance, torment resistance 1, petrification resistance
a: no special abilities


You were on level 2 of the Dungeon.
You visited 1 branch of the dungeon, and saw 2 of its levels.

You collected 51 gold pieces.

Inventory:

Hand Weapons
 a - a +0 long sword (weapon)
Armour
 b - a +0 scale mail (worn)
 c - a +0 kite shield (worn)


   Skills:
 + Level 3.5 Fighting
 * Level 2.3 Long Blades
 * Level 3.7 Armour
 * Level 3.7 Shields


You had 2 spell levels left.
You didn't know any spells.
Your spell library was empty.

Dungeon Overview and Level Annotations

Branches:
Dungeon (2/15)

Altars:

Shops:
D:1 *


Innate Abilities, Weirdness & Mutations

You are immune to sickness and miasma.
Your stone body is resilient. (AC +3)
You are immune to poison.
You resist negative energy. (rN+)
You are resistant to electric shocks. (rElec)
You are resistant to unholy torment.
You are immune to petrification.


Message History

The giant cockroach completely misses you.
You block the gnoll's attack.
The giant cockroach bites you but does no damage.
You hit the giant cockroach.
The giant cockroach is severely wounded.
The gnoll hits you but does no damage.
The giant cockroach bites you but does no damage.
The gnoll hits you but does no damage. You block the giant cockroach's attack.
You barely miss the giant cockroach.
The giant cockroach is severely wounded.
The giant cockroach bites you.
The gnoll hits you from afar with a +0 spear.
The giant cockroach bites you but does no damage.
The gnoll hits you from afar with a +0 spear.
You closely miss the giant cockroach.
The giant cockroach is severely wounded.
The giant cockroach bites you but does no damage.
The gnoll hits you but does no damage.
Unknown command.
You feel very mighty all of a sudden. You block the giant cockroach's attack.
The gnoll hits you but does no damage. You block the giant cockroach's attack.
Your shield prevents you from hitting the giant cockroach.
The giant cockroach is severely wounded.
The gnoll barely misses you. You block the giant cockroach's attack.
You block the gnoll's attack. You block the giant cockroach's attack.
You closely miss the giant cockroach.
The giant cockroach is severely wounded.
The giant cockroach bites you but does no damage.
You block the gnoll's attack.
You hit the giant cockroach.
You kill the giant cockroach!
The gnoll hits you from afar with a +0 spear!
* * * LOW HITPOINT WARNING * * *
The adder bites you but does no damage. The gnoll hits you but does no damage.
You barely miss the adder. You block the adder's attack.
The adder closely misses you.
You riposte.
You hit the adder.
The adder is lightly wounded.
The gnoll hits you from afar with a +0 spear.
You die...

..#.....................# .
.............#.#........#..
.##..........#.#g..........
........................#
#..#.........# #.##.....#
.............# #..#...###
........>....# #....##
.##.........######g..#
.####......####.@S.### .#
#####.......##.# .#
###....###.# .#
##..#.########
.#########..##........#
...........##########..
##########


You could see a gnoll and an adder.

Vanquished Creatures
  A gnoll (D:1)
  A dart slug (D:1)
  An orc (D:2)
  An endoplasm (D:1)
  A giant cockroach (D:2)
  A goblin (D:1)
  2 hobgoblins
  2 ball pythons (D:2)
  5 bats
  2 frilled lizards (D:1)
  3 rats
20 creatures vanquished.

Notes
Turn   | Place    | Note
-------+----------+-------------------------------------------
     0 | D:1      | timneilson the Gargoyle Fighter began the quest for the
                  | Orb.
     0 | D:1      | Reached XP level 1. HP: 14/14 MP: 1/1
   273 | D:1      | Found Noymeuc's Assorted Antiques.
   284 | D:1      | Reached XP level 2. HP: 19/19 MP: 2/2
   517 | D:1      | Found a faded altar of an unknown god.
  1112 | D:2      | Reached XP level 3. HP: 23/23 MP: 3/3
  1222 | D:2      | Slain by a gnoll

Illustrated notes

Levels and vault maps discovered:
D:1:      eino_arrival_druids_welcome, layout_basic,
          chequers_ecumenical_altar_island, serial_shops,
          nicolae_shop_overgrown_old_shop
D:2:      layout_rooms, minmay_misc_feat_doors, corexii_shack

Skill      XL: |  1 |
---------------+----+-----
Long Blades    | 2 |  2.3
Fighting       | |  3.5
Armour         | |  3.7
Shields        | |  3.7

Action                   || total
-------------------------++-------
Melee: Long sword        ||    53
  Use: Scroll            ||     1
       Potion            ||     1
Armor: Scale mail        ||    43
Dodge: Dodged            ||    24
Block: Kite shield       ||    37
       Rpst.: Long sword ||     6

Table legend: (Time is in decaauts)
 A = Elapsed time spent in this place.
 B = Non-inter-level travel time spent in this place.
 C = Inter-level travel time spent in this place.
 D = Time resting spent in this place.
 E = Time spent auto-exploring this place.
 F = Levels seen in this place.
 G = Mean time per level.
                   A        B        C        D        E       F      G
               +--------+--------+--------+--------+--------+-----+--------+
         Total |   1253 |   1187 |     66 |    198 |    805 |   2 |  626.5 |
       Dungeon |   1253 |   1187 |     66 |    198 |    805 |   2 |  626.5 |
               +--------+--------+--------+--------+--------+-----+--------+

Top non-repeatable levels by time:
     D:1: 1123 daAuts
     D:2: 130 daAuts
